 Dungeon Crawl Stone Soup version 0.30-a0-737-gf23d94013f (webtiles) character file.

Game seed: 14247860245281261554

8516 porpoise the Cleaver (level 11, -8/97 HPs)
             Began as a Hill Orc Monk on Feb 2, 2023.
             Was an Elder of Qazlal.
             Mangled by a death yak (20 damage)
             ... on level 9 of the Dungeon.
             The game lasted 00:45:31 (10411 turns).

porpoise the Cleaver (Hill Orc Monk)               Turns: 10411, Time: 00:45:32

Health: -8/97      AC: 12    Str: 19    XL:     11   Next: 32%
Magic:  20/20      EV: 10    Int: 13    God:    Qazlal [****..]
Gold:   438        SH:  5    Dex: 13    Spells: 2/10 levels left

rFire   + . .      SeeInvis .    a - +0 battleaxe
rCold   . . .      Faith    +    (shield currently unavailable)
rNeg    . . .      Spirit   .    G - +1 scale mail {rPois}
rPois   +          Reflect  .    o - +2 hat {Int+3}
rElec   .          Harm     .    U - +0 cloak
rCorr   +          Rampage  .    (no gloves)
Will    .....      Rage     3%   (no boots) Stlth
                                 r - amulet of faith
HPRegen 0.36/turn                e - ring of resist corrosion
MPRegen 0.17/turn                i - ring of protection from fire

@: repel missiles
A: horns 1, berserk 1, evolution 1
a: Renounce Religion, Upheaval, Elemental Force


You were on level 9 of the Dungeon.
You worshipped Qazlal.
Qazlal was greatly pleased with you.
You visited 2 branches of the dungeon, and saw 10 of its levels.

You collected 438 gold pieces.

Inventory:

Hand Weapons
 a - a +0 battleaxe (weapon)
 b - a +0 shortbow
 w - a +5 spear
Missiles
 g - 5 silver javelins
 k - 31 poisoned darts (quivered)
 l - a curare-tipped dart
 n - 4 datura-tipped darts
 q - 5 boomerangs
 z - 3 boomerangs of dispersal
 J - 5 atropa-tipped darts
 Y - 3 throwing nets
Armour
 o - a +2 hat of intelligence (worn)
 p - a +3 scale mail
 G - a +1 scale mail of poison resistance (worn)
 L - quicksilver dragon scales
 R - +0 steam dragon scales
 U - a +0 cloak (worn)
 V - +0 ice dragon scales
Jewellery
 e - a ring of resist corrosion (left hand)
 i - a ring of protection from fire (right hand)
 r - an amulet of faith (around neck)
 A - a ring of magical power
 D - an amulet of guardian spirit
 O - a ring of flight
 Z - a +6 ring of intelligence
Wands
 I - a wand of roots (8)
 K - a wand of acid (3)
 N - a wand of flame (10)
Scrolls
 d - a scroll of summoning {unknown}
 f - a scroll of noise {unknown}
 h - a scroll of torment {unknown}
 m - 2 scrolls of magic mapping
 s - a scroll of poison
 v - 3 scrolls of enchant weapon
 y - a scroll of teleportation
 C - a scroll of immolation {unknown}
 E - a scroll of fear {unknown}
 H - a scroll of vulnerability {unknown}
 M - a scroll of fog {unknown}
 Q - a scroll of amnesia {unknown}
 X - a scroll of brand weapon
Potions
 c - a potion of ambrosia
 j - 2 potions of cancellation
 t - 3 potions of attraction
 u - a potion of magic
 x - a potion of brilliance
 F - a potion of flight
 S - a potion of resistance


   Skills:
 - Level 9.0 Fighting
 - Level 14.0 Axes
 + Level 6.8 Armour
 - Level 2.4 Dodging
 - Level 1.5 Stealth
 + Level 13.1 Invocations
 + Level 0.3 Evocations


You had 2 spell levels left.
You knew the following spells:

 Your Spells              Type           Power      Damage    Failure   Level
f - Cause Fear            Hex            0%         N/A       100%        4
k - Blink                 Tloc           0%         N/A       77%         2
w - Wereblood             Tmut           0%         N/A       77%         2

Your spell library contained the following spells:

 Spells                   Type           Power      Damage    Failure   Level
 Slow                     Hex            0%         N/A       63%         1
 Lesser Beckoning         Tloc           0%         N/A       77%         2
 Momentum Strike          Conj/Tloc      0%         3d8       77%         2
 Sublimation of Blood     Necr           0%         N/A       77%         2
 Confusing Touch          Hex            0%         N/A       94%         3
 Gell's Gravitas          Tloc           0%         N/A       94%         3
 Ignite Poison            Fire/Tmut/Pois 0%         N/A       94%         3
 Inner Flame              Hex/Fire       0%         N/A       94%         3
 Kindle Blastsparks       Fire/Tloc/Air  0%         2d10      94%         3
 Portal Projectile        Hex/Tloc       0%         N/A       94%         3
 Teleport Other           Tloc           0%         N/A       94%         3
 Tukima's Dance           Hex            0%         N/A       94%         3
 Vampiric Draining        Necr           0%         2d6       94%         3
 Blade Hands              Tmut           0%         N/A       100%        5
 Freezing Cloud           Conj/Ice/Air   0%         6-21      100%        5
 Summon Hydra             Summ           0%         N/A       100%        7
 Discord                  Hex            0%         N/A       100%        8


Dungeon Overview and Level Annotations

Branches:
Dungeon (9/15)             Temple (1/1) D:4
   Lair: D:8-11         Orc: D:9-12

Altars:
Ashenzari
Cheibriados
Dithmenos
Elyvilon
Fedhas
Gozag
Hepliaklqana
Kikubaaqudgha
Makhleb
Nemelex Xobeh
Qazlal
Ru
Sif Muna
Trog
Uskayaw
Vehumet
Xom
Yredelemnul
Zin
The Shining One

Shops:
D:2 *

Annotations:
D:4 Dig


Innate Abilities, Weirdness & Mutations

You have a pair of small horns on your head.
You sometimes lose your temper in combat.
You have hidden genetic potential.


Message History

Items here: )) [[ ††.
The death yak attacks as you move away! The death yak gores you!
* * * LOW HITPOINT WARNING * * *
The death yak attacks as you move away! The death yak gores you.
* * * LOW HITPOINT WARNING * * *
The death yak is engulfed in blazing flames.
Things that are here:
a +0 flail; an orc corpse
Aiming: Fastroot
Press: ? - help, Shift-Dir - straight line, f - death yak
Aim: a death yak (heavily wounded)
The roots erupt in riotous growth!
Roots grab the death yak. x3
The grasping roots constrict the death yak. x3
You hear a shout!
The death yak gores you.
* * * LOW HITPOINT WARNING * * *
The death yak barely misses you.
The death yak is engulfed in blazing flames.
The grasping roots constrict the death yak. x2
The grasping roots constrict the death yak!
The roots release their grip on the death yak. x2
The death yak struggles to escape constriction.
The death yak is engulfed in blazing flames.
The grasping roots constrict the death yak.
The roots release their grip on the death yak.
You feel better. The death yak gores you.
* * * LOW HITPOINT WARNING * * *
Okay, then.
Unknown command.
It was a potion of mutation.
You feel extremely strange.
You feel a little pissed off.
You feel a hidden potential growing inside you.
A pair of horns grows on your head! You block the death yak's attack.
The death yak attacks as you move away! You block the death yak's attack.
The death yak attacks as you move away! The death yak gores you.
* * * LOW HITPOINT WARNING * * *
The death yak attacks as you move away! The death yak gores you!!
You die...

#...###
#oo## #)Y#
#Y## #.#
#Y# #Y##
#.Y# ##.@#
.
#..§###....
#..<......#
#..........
#.......#..
#......##
#..##..#
#..# ..#
#..# ..#


You could see 4 death yaks and an orc.

Vanquished Creatures
  Gastronok (D:8)
  Pikel (D:7)
  A deep elf pyromancer (D:7)
  Joseph (D:8)
  2 yaks (D:8)
  2 wyverns (D:7)
  3 steam dragons
  Grum (D:8)
  Edmund (D:5)
  A water moccasin (D:7)
  Duvessa (D:5)
  4 ice beasts
  A black bear (D:4)
  A sky beast (D:7)
  An ogre (D:4)
  An orc warrior (D:6)
  2 wolves (D:8)
  3 phantoms (D:5)
  4 centaurs
  2 kobold brigands
  A bullfrog (D:6)
  A necrophage (D:5)
  5 scorpions
  A gnoll sergeant (D:9)
  10 wights
  Dowan (D:5)
  8 killer bees
  An electric eel (D:8)
  3 howler monkeys
  8 hounds
  3 gnoll boudas
  6 orc priests
  6 jellies
  4 iguanas
  6 orc wizards
  6 adders
  16 gnolls
  A shadow imp (D:6)
  2 white imps
  An ufetubus (D:6)
  6 worms
  A dart slug (D:3)
  20 orcs
  8 endoplasms
  4 giant cockroaches
  2 goblins
  10 hobgoblins
  2 quokkas
  9 ball pythons
  4 bats
  2 frilled lizards (D:2)
  15 kobolds
  7 rats
214 creatures vanquished.

Vanquished Creatures (collateral kills)
  2 yaks (D:8)
  A scorpion (D:5)
  2 killer bees (D:8)
  A jackal (D:5)
6 creatures vanquished.

Vanquished Creatures (others)
  A wyvern (D:7)
  A water moccasin (D:7)
  A scorpion (D:5)
  A jelly (D:5)
  An adder (D:5)
  A shadow imp (D:7)
  A worm (D:5)
  2 bushes (D:6)
  5 plants (D:6)
14 creatures vanquished.

Grand Total: 234 creatures vanquished

Notes
Turn   | Place    | Note
-------+----------+-------------------------------------------
     0 | D:1      | porpoise the Hill Orc Monk began the quest for the Orb.
     0 | D:1      | Reached XP level 1. HP: 19/19 MP: 1/1
   304 | D:1      | Reached XP level 2. HP: 21/27 MP: 2/2
   960 | D:2      | Reached skill level 5 in Axes
   975 | D:2      | Reached XP level 3. HP: 29/33 MP: 3/3
  1044 | D:2      | Found Lonohyre's General Store.
  1219 | D:2      | Reached XP level 4. HP: 41/41 MP: 4/4
  1673 | D:2      | Reached skill level 6 in Axes
  2413 | D:3      | Found a faded altar of an unknown god.
  2619 | D:4      | Noticed a scorpion
  2633 | D:4      | Killed a scorpion
  2634 | D:4      | Reached skill level 5 in Fighting
  2634 | D:4      | Reached XP level 5. HP: 27/48 MP: 5/5
  2747 | D:4      | Found a staircase to the Ecumenical Temple.
  2757 | Temple   | Entered the Ecumenical Temple
  2934 | Temple   | Became a worshipper of Qazlal Stormbringer
  2934 | Temple   | Reached * piety under Qazlal
  2934 | Temple   | Reached ** piety under Qazlal
  3019 | D:4      | Reached skill level 7 in Axes
  3191 | D:4      | Noticed a black bear
  3216 | D:4      | Killed a black bear
  3217 | D:4      | Reached XP level 6. HP: 43/56 MP: 6/6
  3239 | D:4      | Reached skill level 8 in Axes
  3324 | D:4      | Found a glowing golden altar of the Shining One.
  3705 | D:4      | Found a burning altar of Makhleb.
  3816 | D:5      | Entered Level 5 of the Dungeon
  3826 | D:5      | Reached XP level 7. HP: 63/63 MP: 7/7
  3844 | D:5      | Noticed Edmund
  3869 | D:5      | Killed Edmund
  4074 | D:5      | Reached skill level 9 in Axes
  4336 | D:5      | Reached XP level 8. HP: 40/73 MP: 10/10
  4353 | D:5      | Noticed Duvessa
  4585 | D:5      | Reached skill level 10 in Axes
  4605 | D:5      | Reached skill level 5 in Invocations
  4708 | D:5      | Noticed Dowan
  4710 | D:5      | Killed Duvessa
  4720 | D:5      | Killed Dowan
  5094 | D:5      | Found a sacrificial altar of Ru.
  5268 | D:6      | Reached XP level 9. HP: 79/82 MP: 13/13
  5296 | D:6      | Reached *** piety under Qazlal
  5313 | D:6      | Found a hide-covered altar of Uskayaw.
  5447 | D:6      | Reached skill level 11 in Axes
  5526 | D:6      | HP: 2/83 [orc warrior/+2 glaive of pain (18)]
  5527 | D:6      | Found a blossoming altar of Fedhas.
  6188 | D:6      | Found a white marble altar of Elyvilon.
  6395 | D:6      | Reached skill level 12 in Axes
  6785 | D:7      | Found a snail-covered altar of Cheibriados.
  6933 | D:7      | Noticed a deep elf pyromancer
  7006 | D:7      | Killed a deep elf pyromancer
  7007 | D:7      | Reached skill level 13 in Axes
  7007 | D:7      | Reached skill level 10 in Invocations
  7007 | D:7      | Reached XP level 10. HP: 10/91 MP: 17/17
  7204 | D:7      | Noticed Pikel
  7215 | D:7      | Killed Pikel
  7215 | D:7      | Reached **** piety under Qazlal
  7525 | D:7      | Learned a level 2 spell: Wereblood
  7528 | D:7      | Learned a level 2 spell: Blink
  7533 | D:7      | Learned a level 4 spell: Cause Fear
  7637 | D:7      | Reached skill level 1 in Armour
  8465 | D:8      | Noticed Gastronok
  8489 | D:8      | Killed Gastronok
  8490 | D:8      | Reached skill level 14 in Axes
  8801 | D:8      | Reached skill level 5 in Armour
  8847 | D:8      | Reached XP level 11. HP: 85/97 MP: 20/20
  8937 | D:8      | Noticed Joseph
  9174 | D:8      | Killed Joseph
  9399 | D:8      | Noticed Grum
  9410 | D:8      | Killed Grum
 10381 | D:9      | Noticed a death yak
 10382 | D:9      | Noticed a death yak
 10382 | D:9      | Noticed a death yak
 10382 | D:9      | Noticed a death yak
 10383 | D:9      | Noticed a death yak
 10406 | D:9      | Gained mutation: You sometimes lose your temper in combat.
                  | [potion of mutation]
 10406 | D:9      | Gained mutation: You have hidden genetic potential. [potion
                  | of mutation]
 10406 | D:9      | Gained mutation: You have a pair of small horns on your
                  | head. [potion of mutation]
 10411 | D:9      | Mangled by a death yak

Illustrated notes

Levels and vault maps discovered:
D:1:      tarquinn_simple_flora_water_b, layout_basic, dk_noncrumbling_4
D:2:      layout_loops_ring, serial_shops, nicolae_square_shop,
          kennysheep_generic_room_11
D:3:      layout_basic, basic_ecumenical_altar, chequers_arboretum,
          corexii_leaking_fountain, minmay_crystal_water
D:4:      layout_rooms, mainiacjoe_overflow_catwalk,
          nicolae_overflow_hidden_temple, chequers_serial_rivers_micro_a,
          due_unseen_surprise
D:5:      layout_basic, marbit_many_paths, minmay_joined_circles, uniq_edmund,
          uniq_duvessa
D:6:      layout_loops_ring, nicolae_elyvilon_temple_path,
          fedhas_bush_and_centaur_altar, mainiacjoe_overflow_24_doors
D:7:      hangedman_cross_stitches, layout_basic, cheibrodos_worm_habitat,
          uniq_pikel
D:8:      layout_basic, minmay_fractal_squares_gapless_5, uniq_gastronok,
          uniq_joseph, uniq_grum
D:9:      layout_layer_cave, dpeg_lair_monsters, orc_0_dummy
Temple:   compressed_dpeg_triangle_lava_temple

Skill      XL: |  1  2  3  4  5  6  7  8  9 10 11 |
---------------+----------------------------------+-----
Fighting       | 4 5 6 7 8 9 |  9.0
Axes           | 5 6 7 8 9 10 13 14 | 14.0
Invocations    | 3 6 10 12 13 | 13.1
Armour         | 5 6 |  6.8
Dodging        | |  2.4
Stealth        | |  1.5
Evocations     | |  0.3

Action                     |  1- 3 |  4- 6 |  7- 9 | 10-12 || total
---------------------------+-------+-------+-------+-------++-------
  Melee: Hand axe          |   114 |   170 |   315 |       ||   599
         Punch             |     2 |       |     4 |       ||     6
         Battleaxe         |       |       |    55 |   208 ||   263
   Fire: Sling             |     1 |    44 |    18 |    18 ||    81
  Throw: Javelin           |     4 |     3 |     4 |       ||    11
         Dart              |       |       |     2 |       ||     2
 Invoke: Elemental Force   |       |       |       |     1 ||     1
  Evoke: Wand              |       |       |     9 |     2 ||    11
    Use: Scroll            |     3 |     2 |    11 |     6 ||    22
         Potion            |       |     2 |     8 |     4 ||    14
   Stab: Sleeping          |     4 |       |       |       ||     4
 Armour: Robe              |    11 |       |       |       ||    11
         Scale mail        |    23 |    85 |   150 |   115 ||   373
  Dodge: Dodged            |    72 |    79 |   151 |   113 ||   415
  Block: Other             |       |     7 |    47 |    63 ||   117

Table legend: (Time is in decaauts)
 A = Elapsed time spent in this place.
 B = Non-inter-level travel time spent in this place.
 C = Inter-level travel time spent in this place.
 D = Time resting spent in this place.
 E = Time spent auto-exploring this place.
 F = Levels seen in this place.
 G = Mean time per level.
                   A        B        C        D        E       F      G
               +--------+--------+--------+--------+--------+-----+--------+
         Total |  10312 |  10050 |    262 |   2806 |   4986 |  10 | 1031.2 |
       Dungeon |  10017 |   9772 |    245 |   2708 |   4841 |   9 | 1113.0 |
        Temple |    295 |    278 |     17 |     98 |    145 |   1 |  295.0 |
               +--------+--------+--------+--------+--------+-----+--------+

Top non-repeatable levels by time:
     D:7: 2008 daAuts
     D:8: 1571 daAuts
     D:6: 1469 daAuts
     D:5: 1348 daAuts
     D:2: 1078 daAuts
     D:4: 885 daAuts
     D:1: 810 daAuts
     D:3: 747 daAuts
  Temple: 295 daAuts
     D:9: 97 daAuts
